 Dungeon Crawl Stone Soup version 0.30-a0-23-ge60ba3568b (webtiles) character file.

Game seed: 6240900979569971806

9355 purpskrrrp the Fighter (level 11, -12/115 HPs)
             Began as a Troll Monk on Aug 24, 2022.
             Was a Believer of Ashenzari.
             Mangled by Sonja
             ... wielding a +1 dagger of distortion
              (16 damage)
             ... on level 10 of the Dungeon.
             The game lasted 00:21:09 (7313 turns).

purpskrrrp the Fighter (Troll Monk)                 Turns: 7313, Time: 00:21:10

Health: -12/115    AC:  8    Str: 25    XL:     11   Next: 22%
Magic:  10/10      EV: 13    Int:  6    God:    Ashenzari [**....]
Gold:   323        SH:  0    Dex: 12    Spells: 10/10 levels left

rFire   x . .      SeeInvis +    c - +10 dire flail "At What Cost Knowledge?" {elec, rC+ Will+, Evo, Fort} (curse)
rCold   + + .      Faith    +    (shield currently unavailable)
rNeg    . . .      Spirit   .    a - +2 robe
rPois   .          Reflect  .    (helmet restricted)
rElec   .          Harm     .    (no cloak)
rCorr   +          Rampage  .    (gloves unavailable)
Will    +....                    (boots unavailable)
Stlth   ++........               d - amulet of faith
HPRegen 1.09/turn                e - ring of ice
MPRegen 0.12/turn                x - ring of Ashenzari's Gnosis {rCorr, Evo, Fort} (curse)

@: lethally poisoned (-12 -> -13), slowed, very slow
A: large, unfitting armour, claws 3, regeneration 1, shaggy fur 1, tough skin 1,
iridescent scales 1
a: Renounce Religion, Curse Item, Shatter the Chains


You were on level 10 of the Dungeon.
You worshipped Ashenzari.
Ashenzari was pleased with you.
You visited 1 branch of the dungeon, and saw 10 of its levels.
You also visited: Ossuary.

You collected 512 gold pieces.
You spent 189 gold pieces at shops.

Inventory:

Hand Weapons
 c - the cursed +10 dire flail "At What Cost Knowledge?" (weapon) {elec, rC+ Will+, Evo, Fort}
   (You bought it in a shop on level 5 of the Dungeon)

   It occasionally discharges a powerful burst of electricity upon striking a
   foe.
   rC:        It protects you from cold.
   Will:      It increases your willpower.
   It has a curse which improves the following skills: Evocations: Evocations.
   Fortitude: Armour and Shields.
 q - a +1 scythe of flaming
Missiles
 L - a throwing net (quivered)
Armour
 a - a +2 robe (worn)
Jewellery
 d - an amulet of faith (around neck)
 e - a ring of ice (left claw)
 l - a ring of protection from fire
 x - the cursed ring of Ashenzari's Gnosis (right claw) {rCorr, Evo, Fort}
   (You found it on level 4 of the Dungeon)

   [ring of resist corrosion]

   rCorr:     It protects you from acid and corrosion.
   It has a curse which improves the following skills: Evocations: Evocations.
   Fortitude: Armour and Shields.
 y - a +6 ring of intelligence
 H - a ring of positive energy
 K - a ring of positive energy
Wands
 F - a wand of iceblast (17)
 I - a wand of mindburst (13)
Scrolls
 b - 2 scrolls of poison
 f - 5 scrolls of enchant weapon
 g - 10 scrolls of identify
 j - a scroll of silence
 k - 2 scrolls of noise
 m - 4 scrolls of magic mapping
 n - 6 scrolls of teleportation
 r - a scroll of fog
 v - 2 scrolls of vulnerability
 z - a scroll of blinking
 B - 3 scrolls of amnesia
 D - 2 scrolls of immolation
Potions
 h - 3 potions of mutation
 i - 2 potions of haste
 o - 2 potions of might
 p - 3 potions of flight
 s - 3 potions of curing
 t - 2 potions of resistance
 u - 2 potions of degeneration
 w - 2 potions of cancellation
 A - a potion of invisibility
 C - a potion of heal wounds
 E - a potion of ambrosia
 G - a potion of magic
 J - a potion of brilliance


   Skills:
 + Level 9.4 Fighting
 + Level 9.1 Maces & Flails
 + Level 9.3 Dodging
 - Level 1.0 Stealth
 - Level 6.0 Unarmed Combat


You had 10 spell levels left.
You didn't know any spells.
Your spell library contained the following spells:

 Spells                   Type           Power      Damage    Failure   Level
 Sandblast                Erth           0%         2d4       45%         1
 Passwall                 Tmut/Erth      0%         N/A       58%         2
 Inner Flame              Hex/Fire       0%         N/A       83%         3
 Stone Arrow              Conj/Erth      0%         3d7       83%         3
 Cause Fear               Hex            0%         N/A       99%         4
 Petrify                  Tmut/Erth      0%         N/A       99%         4
 Metabolic Englaciation   Hex/Ice        0%         N/A       100%        5
 Statue Form              Tmut/Erth      0%         N/A       100%        6
 Discord                  Hex            0%         N/A       100%        8


Dungeon Overview and Level Annotations

Branches:
Dungeon (10/15)            Temple (0/1) D:6            Lair (0/5) D:9
Ossuary (visited)
    Orc: D:9-12

Altars:
Ashenzari
Elyvilon
Hepliaklqana
Okawaru
Uskayaw
Xom
Yredelemnul
Zin
The Shining One

Shops:
D:5 (

Annotations:
D:10 Sonja


Innate Abilities, Weirdness & Mutations

You are too large for most types of armour.
You have claws for hands.
Your natural rate of healing is unusually fast.
You are covered in fur. (AC +1)
You have tough skin. (AC +1)
You are partially covered in iridescent scales. (AC +2)


Message History

Sonja zaps a wand.
You easily resist.
Sonja hits you with a +1 dagger of distortion.
Space warps around you. Sonja hits you but does no damage.
Space warps horribly around you!
Sonja hits you with a +1 dagger of distortion.
Space warps horribly around you!!
* * * LOW HITPOINT WARNING * * *
You feel much better.
You feel very sick. Sonja barely misses you. Sonja hits you but does no damage.
Space warps around you.
* * * LOW HITPOINT WARNING * * *
Sonja hits you but does no damage. Space warps horribly around you!
* * * LOW HITPOINT WARNING * * *
Sonja shouts, "Too slow!"
Sonja zaps a wand.
Your mind is blasted!
* * * LOW HITPOINT WARNING * * *
You feel much better.
You feel sick. Sonja closely misses you. Sonja barely misses you.
Sonja hits you but does no damage. x2; You blink.
Hit: c) +10 dire flail "At What Cost Knowledge?" {elec, rC+ Will+, Evo, Fort} (curse)
Press: ? - help, Dir - move target, f - Sonja
Aim: Sonja, wielding a +1 dagger of distortion, quivering curare-tipped darts and carrying a wand of mindburst (5) (heavily wounded, about 66% to evade the cursed +10 dire flail "At What Cost Knowledge?")
You barely miss Sonja.
Sonja is heavily wounded.
You feel sick. Sonja hits you but does no damage.
Space warps horribly around you!
* * * LOW HITPOINT WARNING * * *
Sonja hits you but does no damage. Space warps around you.
* * * LOW HITPOINT WARNING * * *
Sonja hits you but does no damage. Space warps around you.
* * * LOW HITPOINT WARNING * * *
Sonja misses you.
Sonja hits you with a +1 dagger of distortion.
* * * LOW HITPOINT WARNING * * *
Space warps horribly around you!
* * * LOW HITPOINT WARNING * * *
Sonja hits you with a +1 dagger of distortion.
* * * LOW HITPOINT WARNING * * *
Space warps horribly around you!
You die...

* #.# , , ,, ,#.# *** #
,#.# #. #.# #.,#.# ,
#..#.# , #..#ยง#########
* #..K.........###
##.#@#####.....# #.).#
##.....### ##..#
#........#### , * * *
#..####...........#
#..................
,,.......####.##.....###.
* ##.##.## #.##.....# #.
# #.* #.###....###. #.*
#............


You could see Sonja.

Vanquished Creatures
  Erolcha (D:9)
  3 two-headed ogres
  Joseph (D:8)
  An unseen horror (D:7)
  Sigmund (D:3)
  2 wyverns (D:9)
  11 yaks (D:9)
  A steam dragon (D:9)
  Menkaure (D:6)
  4 water moccasins
  Duvessa (D:7)
  2 ice beasts (D:6)
  3 orc warriors
  A sky beast (D:7)
  2 ogres (D:6)
  A centaur (D:7)
  A phantom (D:7)
  Blork the orc (D:4)
  8 bullfrogs
  A gnoll sergeant (D:9)
  5 scorpions
  Dowan (D:7)
  A killer bee (D:7)
  6 orc priests
  2 hounds
  A gnoll bouda (D:7)
  2 iguanas
  8 orc wizards
  5 mummies
  13 gnolls
  4 adders
  3 white imps
  2 ufetubi
  A worm (D:2)
  4 dart slugs
  46 orcs
  6 endoplasms
  4 giant cockroaches
  5 gnoll zombies (Ossuary)
  8 goblins
  6 hobgoblins
  2 jackals (D:1)
  2 quokkas (D:4)
  6 ball pythons
  2 bats
  5 frilled lizards
  6 gnoll skeletons (Ossuary)
  3 goblin skeletons (Ossuary)
  5 goblin zombies
  6 hobgoblin skeletons (Ossuary)
  3 hobgoblin zombies (Ossuary)
  3 kobolds
  4 kobold skeletons (Ossuary)
  5 kobold zombies
  4 orc skeletons (Ossuary)
  4 orc zombies (Ossuary)
  4 rats
  2 rat skeletons (Ossuary)
  5 rat zombies (Ossuary)
251 creatures vanquished.

Vanquished Creatures (others)
  An orc wizard (D:7)
  2 plants (D:4)
3 creatures vanquished.

Grand Total: 254 creatures vanquished

Notes
Turn   | Place    | Note
-------+----------+-------------------------------------------
     0 | D:1      | purpskrrrp the Troll Monk began the quest for the Orb.
     0 | D:1      | Reached XP level 1. HP: 22/22 MP: 0/0
   154 | D:1      | Reached XP level 2. HP: 29/29 MP: 1/1
   898 | D:2      | Reached XP level 3. HP: 36/36 MP: 2/2
  1120 | D:2      | Found a hide-covered altar of Uskayaw.
  1208 | D:2      | Found a faded altar of an unknown god.
  1553 | D:3      | Noticed Sigmund
  1560 | D:3      | Killed Sigmund
  1561 | D:3      | Reached skill level 5 in Unarmed Combat
  1561 | D:3      | Reached XP level 4. HP: 36/45 MP: 3/3
  1561 | D:3      | Reached XP level 5. HP: 43/53 MP: 4/4
  1867 | D:3      | Found a glowing golden altar of the Shining One.
  1867 | D:3      | Found a white marble altar of Elyvilon.
  1868 | D:3      | Found a glowing silver altar of Zin.
  1929 | D:3      | Reached XP level 6. HP: 61/61 MP: 5/5
  1973 | D:3      | Found a basalt altar of Yredelemnul.
  2386 | D:4      | Noticed Blork the orc
  2392 | D:4      | Killed Blork the orc
  3155 | D:5      | Entered Level 5 of the Dungeon
  3176 | D:5      | Noticed a water moccasin
  3194 | D:4      | Gained mutation: You are partially covered in iridescent
                  | scales. (AC +2) [potion of mutation]
  3459 | D:5      | Reached XP level 7. HP: 68/68 MP: 6/6
  3468 | D:5      | Found a broken altar of Ashenzari.
  3542 | D:5      | Found Deab's Antique Weapon Boutique.
  3547 | D:5      | Bought a bloodstained dire flail for 189 gold pieces
  3547 | D:5      | Identified the +10 dire flail of the Key {elec, rC+ Will+}
                  | (You bought it in a shop on level 5 of the Dungeon)
  3971 | D:5      | Became a worshipper of Ashenzari the Shackled
  3972 | D:5      | Reached * piety under Ashenzari
  4001 | D:6      | Reached skill level 1 in Maces & Flails
  4020 | D:6      | Found a sand-covered staircase.
  4026 | Ossuary  | Entered an ossuary
  4346 | Ossuary  | Reached XP level 8. HP: 87/87 MP: 7/7
  4439 | D:6      | Found a staircase to the Ecumenical Temple.
  4463 | D:6      | Reached ** piety under Ashenzari
  4713 | D:6      | Reached XP level 9. HP: 93/93 MP: 8/8
  4733 | D:6      | Noticed Menkaure
  4737 | D:6      | Killed Menkaure
  5073 | D:7      | Noticed an unseen horror
  5082 | D:7      | Killed an unseen horror
  5130 | D:7      | Found a shimmering altar of Xom.
  5410 | D:7      | Noticed Duvessa
  5410 | D:7      | Noticed Dowan
  5416 | D:7      | Killed Duvessa
  5431 | D:7      | Killed Dowan
  5611 | D:7      | Reached XP level 10. HP: 87/105 MP: 9/9
  5764 | D:8      | Noticed Joseph
  5937 | D:8      | Killed Joseph
  6518 | D:9      | Noticed a two-headed ogre
  6525 | D:9      | Killed a two-headed ogre
  6549 | D:9      | Noticed Erolcha
  6617 | D:9      | Killed Erolcha
  6768 | D:9      | Reached XP level 11. HP: 59/115 MP: 10/10
  6928 | D:9      | Found a staircase to the Lair.
  7102 | D:10     | Entered Level 10 of the Dungeon
  7102 | D:10     | Noticed a two-headed ogre
  7106 | D:10     | Killed a two-headed ogre
  7139 | D:10     | Found an iron altar of Okawaru.
  7144 | D:10     | Found a hazy altar of Hepliaklqana.
  7302 | D:10     | Noticed a two-headed ogre
  7307 | D:10     | Killed a two-headed ogre
  7307 | D:10     | Noticed Sonja
  7313 | D:10     | HP: 4/115 [Sonja/+1 dagger of distortion (3)]
  7313 | D:10     | Mangled by Sonja

Illustrated notes

Levels and vault maps discovered:
D:1:      dpeg_arrival_tiny_i, layout_basic
D:2:      layout_basic, chequers_ecumenical_altar_island, basic_altar
D:3:      layout_basic, good_gods_temple_1, yredelemnul_altar_generic,
          minmay_crystal_room, uniq_sigmund
D:4:      corexii_shack_village, layout_cave_pods, uniq_blork_the_orc
D:5:      layout_basic, evilmike_ruin_ashenzari, serial_shops,
          nicolae_square_shop
D:6:      layout_loops_cross, minmay_temple_entry_arrows,
          nicolae_ossuary_entry_giza, uniq_menkaure
D:7:      dreamdust_elfheim, layout_basic, xom_confusion_cloud
D:8:      layout_loops_cross, uniq_joseph
D:9:      layout_rooms, dpeg_oklobed_lair, uniq_erolcha
D:10:     layout_loops_ring, led_sif_pool, nicolae_overflow_hidden_temple,
          uniq_maggie, uniq_sonja

Skill      XL: |  1  2  3  4  5  6  7  8  9 10 11 |
---------------+----------------------------------+-----
Fighting       | 3 7 8 9 |  9.4
Dodging        | 3 7 8 9 |  9.3
Unarmed Combat | 5 6 |  6.0
Maces & Flails | 6 7 8 9 |  9.1
Stealth        | |  1.0

Action                   |  1- 3 |  4- 6 |  7- 9 | 10-12 || total
-------------------------+-------+-------+-------+-------++-------
Melee: Unarmed           |    80 |   122 |       |       ||   202
       Punch             |     3 |     4 |       |       ||     7
       Dire flail        |       |       |   207 |   151 ||   358
Invok: Curse Item        |       |       |     2 |       ||     2
  Use: Potion            |       |     4 |     1 |     2 ||     7
       Scroll            |       |     3 |     1 |     1 ||     5
 Stab: Sleeping          |     5 |     3 |     2 |     1 ||    11
Armor: Robe              |    25 |    26 |    60 |    48 ||   159
Dodge: Dodged            |    41 |    77 |    98 |    79 ||   295

Table legend: (Time is in decaauts)
 A = Elapsed time spent in this place.
 B = Non-inter-level travel time spent in this place.
 C = Inter-level travel time spent in this place.
 D = Time resting spent in this place.
 E = Time spent auto-exploring this place.
 F = Levels seen in this place.
 G = Mean time per level.
                   A        B        C        D        E       F      G
               +--------+--------+--------+--------+--------+-----+--------+
         Total |   7294 |   6952 |    342 |    166 |   5232 |  11 |  663.1 |
       Dungeon |   6953 |   6611 |    342 |    166 |   5099 |  10 |  695.3 |
       Ossuary |    340 |    340 |      0 |      0 |    133 |   1 |  340.0 |
               +--------+--------+--------+--------+--------+-----+--------+

Top non-repeatable levels by time:
     D:4: 961 daAuts
     D:7: 849 daAuts
     D:3: 822 daAuts
     D:2: 760 daAuts
     D:1: 717 daAuts
     D:5: 717 daAuts
     D:6: 710 daAuts
     D:8: 680 daAuts
     D:9: 526 daAuts
 Ossuary: 340 daAuts
    D:10: 208 daAuts
